 Dungeon Crawl Stone Soup version 0.29.0-4-gdea44cf6ec (webtiles) character file.

Game seed: 13161558994016444939

21 qw the Chopper (level 2, 0/17 HPs)
             Began as a Tengu Warper on Aug 28, 2022.
             Succumbed to their own poison gas
             ... on level 1 of the Dungeon.
             The game lasted 00:00:06 (1162 turns).

qw the Chopper (Tengu Warper)                       Turns: 1162, Time: 00:00:06

Health: 0/17       AC:  5    Str: 11    XL:     2   Next: 87%
Magic:  6/6        EV: 10    Int: 13    God:
Gold:   65         SH:  0    Dex: 13    Spells: 5/5 levels left

rFire   . . .      SeeInvis .   Y - +0 hand axe
rCold   . . .      Faith    .   (no shield)
rNeg    . . .      Spirit   .   f - +0 ring mail
rPois   .          Reflect  .   (helmet restricted)
rElec   .          Harm     .   (no cloak)
rCorr   .          Rampage  .   (no gloves)
Will    +....                   (boots unavailable)
Stlth   +.........              (no amulet)
HPRegen 0.05/turn               h - ring of willpower
MPRegen 0.10/turn               (no ring)

@: lethally poisoned (0 -> -7)
A: beak, talons 3
a: no special abilities


You were on level 1 of the Dungeon.
You visited 1 branch of the dungeon, and saw 1 of its levels.

You collected 65 gold pieces.


Innate Abilities, Weirdness & Mutations

You have a beak for a mouth.
You have claws for feet.


   Skills:
 - Level 2.0 Fighting
 + Level 3.6 Axes
 - Level 1.0 Throwing
 - Level 1.1 Armour
 - Level 2.1 Dodging
 - Level 2.0 Spellcasting
 - Level 2.4 Translocations


You had 5 spell levels left.
You didn't know any spells.
Your spell library contained the following spells:

 Spells                   Type           Power      Damage    Failure   Level
 Blink                    Tloc           14%        N/A       34%         2
 Gell's Gravitas          Tloc           7%         N/A       56%         3
 Lesser Beckoning         Tloc           7%         N/A       56%         3
 Teleport Other           Tloc           7%         N/A       56%         3
 Manifold Assault         Tloc           7%         N/A       99%         5

Inventory:

Hand Weapons
 k - a +0 club
 Y - a +0 hand axe (weapon)
Armour
 f - a +0 ring mail (worn)
Jewellery
 h - a ring of willpower (left hand)
Potions
 e - a potion of flight {unknown}
 i - a potion of haste {unknown}
 l - a potion of cancellation {unknown}
 m - a potion of mutation {unknown}
 n - a potion of curing {unknown}

Dungeon Overview and Level Annotations

Branches:
Dungeon (1/15)

Altars:


Message History

You feel strangely unstable.
It was a scroll of teleportation.
You start waiting.
Your surroundings suddenly seem different.
Done exploring.
1025 ||| READING scroll labelled HOHUTA ZUJOPHI.
As you read the scroll labelled HOHUTA ZUJOPHI, it crumbles to dust.
Your body is wracked with pain!
It was a scroll of torment.
You start resting.
HP restored.
Done exploring.
1155 ||| READING scroll labelled BAHAMPERER.
As you read the scroll labelled BAHAMPERER, it crumbles to dust.
It is a scroll of amnesia.
You feel forgetful for a moment.
Done exploring.
1156 ||| READING scroll labelled HEOVUDU DOGO.
The air fills with toxic fumes!
As you read the scroll labelled HEOVUDU DOGO, it crumbles to dust.
It was a scroll of poison.
Done exploring.
1157 ||| DROPPING scroll of blinking.
You drop a scroll of blinking.
Done exploring.
(D) Dungeon
Where to? (* - list waypoints, ? - help)
What level of the Dungeon? (default 1, ? - help) Sorry, I don't know how to get there.
Done exploring.
1158 ||| Stepping randomly (stuck).
Really walk into that cloud of poison gas?
You are engulfed in poison gas.
You are lethally poisoned!
You feel very sick.
1159 ||| Stepping ~*~*~tactically~*~*~ (cloud).
You feel very sick.
You see here a scroll of blinking.
There is a lethal amount of poison in your body!
You feel sick.
There is a lethal amount of poison in your body!
You feel sick.
There is a lethal amount of poison in your body!
You die...

77.....77.77#.........###.#
7.7777..77.7#.............#
.77...77.7.7#......¤¤¤¤...#
.7.77.87.7.77##.#..0¤¤0...#
.7.78.77.7.87 #.'.¤000¤...#
.7.77....7.77 ###.¤¤¤0¤...#
.77[.77787.7 #¤¤¤¤.....#
7.77...777.7#####¤¤.......#
77.7777...77#0¤0@########(###
.77...7787700¤0¤¤¤¤## #....#
7.777.<777¤¤##0¤¤#¤¤####....#
77..77777..###¤¤¤##.0¤......#
..........## #¤¤0######..|###
##.....#### #0¤¤##.....#..##
####### #¤0¤##.....#...#
#00¤##.....#.#.#
######.....#.#.##


There were no monsters in sight!

Vanquished Creatures
  2 bats (D:1)
  An endoplasm (D:1)
  A giant cockroach (D:1)
  A goblin (D:1)
  2 hobgoblins (D:1)
  2 jackals (D:1)
  2 quokkas (D:1)
  A ball python (D:1)
  5 frilled lizards (D:1)
  A kobold (D:1)
  3 rats (D:1)
21 creatures vanquished.

Notes
Turn   | Place    | Note
-------+----------+-------------------------------------------
     0 | D:1      | qw the Tengu Warper began the quest for the Orb.
     0 | D:1      | Reached XP level 1. HP: 12/12 MP: 4/4
     0 | D:1      | 0 ||| qw: Version: 0.1-a-89-g26bdef1
     0 | D:1      | 0 ||| qw: Game counter: 2806
     0 | D:1      | 0 ||| qw: Always use a shield: true
     0 | D:1      | 0 ||| qw: God list: Okawaru
     0 | D:1      | 0 ||| qw: Allow faded altars: false
     0 | D:1      | 0 ||| qw: Do Orc after D:15 true
     0 | D:1      | 0 ||| qw: Do second Lair branch before Depths: true
     0 | D:1      | 0 ||| qw: Lair rune preference: random
     0 | D:1      | 0 ||| qw: Plans: Normal
     0 | D:1      | 0 ||| PLANNING D:1-11
    79 | D:1      | 79 ||| Stepping ~*~*~tactically~*~*~ (stealth).
    87 | D:1      | Reached XP level 2. HP: 9/17 MP: 6/6
   264 | D:1      | Reached skill level 3 in Axes
   367 | D:1      | 367 ||| Stepping ~*~*~tactically~*~*~ (stealth).
   474 | D:1      | 474 ||| Stepping ~*~*~tactically~*~*~ (stealth).
   493 | D:1      | 493 ||| Stepping ~*~*~tactically~*~*~ (stealth).
   626 | D:1      | 626 ||| Stepping ~*~*~tactically~*~*~ (stealth).
   868 | D:1      | 868 ||| Stepping ~*~*~tactically~*~*~ (stealth).
  1008 | D:1      | 1008 ||| UPGRADING to +0 ring mail.
  1018 | D:1      | 1018 ||| DROPPING +0 leather armour.
  1019 | D:1      | 1019 ||| UPGRADING to ring of willpower.
  1020 | D:1      | 1020 ||| READING scroll labelled IBREAPH FUIXT.
  1025 | D:1      | 1025 ||| READING scroll labelled HOHUTA ZUJOPHI.
  1155 | D:1      | 1155 ||| READING scroll labelled BAHAMPERER.
  1156 | D:1      | 1156 ||| READING scroll labelled HEOVUDU DOGO.
  1157 | D:1      | 1157 ||| DROPPING scroll of blinking.
  1158 | D:1      | 1158 ||| Stepping randomly (stuck).
  1159 | D:1      | 1159 ||| Stepping ~*~*~tactically~*~*~ (cloud).
  1160 | D:1      | HP: 4/17 [poisoned by you (poison gas)]
  1162 | D:1      | Succumbed to their own poison gas

Levels and vault maps discovered:
D:1:      nagdon_arrival_double_spiral, layout_basic, minmay_close_crescents

Skill      XL: |  1  2 |
---------------+-------+-----
Axes           | 3 |  3.6
Fighting       | |  2.0
Throwing       | |  1.0
Armour         | |  1.1
Dodging        | |  2.1
Spellcasting   | |  2.0
Translocations | |  2.4

Action                   || total
-------------------------++-------
Melee: Hand axe          ||    44
       Kick              ||    11
       Peck              ||     5
Throw: Boomerang         ||     7
  Use: Scroll            ||     4
 Stab: Distracted        ||     1
Armor: Leather armour    ||    10
Dodge: Dodged            ||    23

Table legend:
 A = Non-vault XP
 B = Vault XP
 C = Vault XP percentage of total XP
 D = Non-vault monster count
 E = Vault monster count
 F = Vault count percentage of total count
                 A         B        C        D         E       F
            +---------+---------+-------+---------+---------+-------
      Total |      27 |       4 |  12.9 |      18 |       3 |  14.3
            +---------+---------+-------+---------+---------+-------
        D:1 |      27 |       4 |  12.9 |      18 |       3 |  14.3
            +---------+---------+-------+---------+---------+-------
